 Dungeon Crawl Stone Soup version 0.16.0-17-g811c1d7 (webtiles) character file.

2450 HungrySpirit the Thaumaturge (level 9, -1/47 HPs)
             Began as a Deep Elf Fire Elementalist on Mar 22, 2015.
             Was a Priest of Vehumet.
             Slain by a red ugly thing (23 damage)
             ... on level 6 of the Dungeon.
             The game lasted 00:42:10 (7288 turns).

HungrySpirit the Thaumaturge (DEFE)                 Turns: 7288, Time: 00:42:10

Health: -1/47      AC:  8    Str:  5    XL:     9   Next: 25%
Magic:  16/28      EV: 16    Int: 24    God:    Vehumet [***...]
Gold:   406        SH:  0    Dex: 15    Spells: 4 memorised, 11 levels left

rFire  . . .     SeeInvis .     e - +0 short sword
rCold  + . .     Clarity  .     o - +1 robe {rC+}
rNeg   . . .     SustAb   .     (no shield)
rPois  .         Gourm    .     d - +2 helmet
rElec  .         Spirit   .     i - +0 cloak
rCorr  .         Warding  .     (no gloves)
rMut   .         Stasis   .     h - +0 pair of boots
MR     .....                    (no amulet)
Stlth  ++........               (no ring)
                                (no ring)

@: about to teleport, not resistant to hostile enchantments, unstealthy
A: no striking features
a: Renounce Religion


You were on level 6 of the Dungeon.
You worshipped Vehumet.
Vehumet was most pleased with you.
You were not hungry.

You visited 1 branch of the dungeon, and saw 6 of its levels.

You collected 406 gold pieces.

Inventory:

Hand weapons
 e - a +0 short sword (weapon)
Armour
 d - a +2 helmet (worn)
 h - a +0 pair of boots (worn)
 i - a +0 cloak (worn)
 o - a +1 robe of cold resistance (worn)
Magical devices
 p - a wand of magic darts (8)
 A - a wand of flame (12)
Scrolls
 g - 6 scrolls of teleportation
 m - 6 scrolls of identify {unknown}
 v - a scroll of recharging {unknown}
 w - 4 scrolls of fog {unknown}
 x - a scroll of enchant armour {unknown}
 y - 2 scrolls of magic mapping {unknown}
Potions
 a - a potion of resistance {unknown}
 j - a potion of invisibility {unknown}
 k - 4 potions of lignification {unknown}
 n - 2 potions of mutation {unknown}
 q - a potion of heal wounds {unknown}
 r - 2 potions of curing {unknown}
 t - 2 potions of poison {unknown}
 u - a potion of flight {unknown}
 z - a potion of berserk rage {unknown}
Books
 b - a book of Flames

   Spells                             Type                      Level
   a - Flame Tongue                   Conjuration/Fire             1
   b - Throw Flame                    Conjuration/Fire             2
   c - Conjure Flame                  Conjuration/Fire             3
   d - Inner Flame                    Hexes/Fire                   3
   e - Sticky Flame                   Conjuration/Fire             4
   f - Fireball                       Conjuration/Fire             5
Comestibles
 c - 2 bread rations
 f - 4 beef jerkies
 l - a royal jelly
 s - 2 meat rations


   Skills:
 + Level 1.5 Fighting
 + Level 7.4 Dodging
 - Level 3.0 Stealth
 - Level 8.0 Spellcasting
 + Level 7.5 Conjurations
 + Level 7.2 Fire Magic


You had 11 spell levels left.
You knew the following spells:

 Your Spells              Type           Power        Failure   Level  Hunger
a - Flame Tongue          Conj/Fire      #####        1%          1    None
b - Conjure Flame         Conj/Fire      #####...     1%          3    None
c - Sticky Flame          Conj/Fire      #####...     1%          4    ##.....
d - Fireball              Conj/Fire      #####.....   3%          5    #####..


Dungeon Overview and Level Annotations

Branches:
Dungeon (6/15)             Temple (0/1) D:5

Altars:
Elyvilon
Kikubaaqudgha
Okawaru
Ru
Vehumet
Yredelemnul

Annotations:
D:6 Eustachio


Message History

The sticky flame hits the red ugly thing.
The red ugly thing resists.
The red ugly thing is lightly wounded.
The red ugly thing is engulfed in roaring flames.
The red ugly thing claws you.
You are engulfed in flames!!
Casting: Sticky Flame
Confirm with . or Enter, or press ? or * to list all spells.
Okay, then.
Press: ? - help, v - describe, . - travel The floor.
Read which item? (? for menu, Esc to quit)
As you read the scroll of teleportation, it crumbles to dust.
You feel strangely unstable.
The red ugly thing is engulfed in roaring flames.
The red ugly thing closely misses you.
A yak comes into view.
The red ugly thing is engulfed in roaring flames.
The shadow imp spits at you. The red ugly thing claws you.
You are engulfed in flames!!
You die...

.######+#####...##.#.# #####.#.#
.......>.##.#.####.#.###...#.#.#
..)).....##...##.............#.##
).)......##.####...#.........'..#
...(........# #...#.........#...
.###.###.#### #...#...###+#.####
.# #.#......# #...#...#...#)#...
.# #.#......# #...#......#....##
####.#......####@..###....#......
...<.#..........u....'....#...###
.#####......####ยง#####....#...#..
.# ######## #5..# ######...#.#
.######### ##''# #.....#
.......... ..... #...#..
.......... ........ #...#.#
.......... ....@.....# #####.#
..######## K...p.....) #..


You could see a red ugly thing, Eustachio, a slave (wandering) and a shadow imp.

Vanquished Creatures
  Grinder (D:5)
  Edmund (D:4)
  A phantom (D:5)
  A slave (D:6)
  2 ice beasts
  4 ogres
  Sigmund (D:2)
  Duvessa (D:5)
  A gnoll sergeant (D:5)
  A giant frog (D:6)
  8 wights (D:6)
  A goliath beetle (D:3)
  Dowan (D:5)
  2 crimson imps (D:5)
  2 orc priests
  A jelly (D:6)
  2 giant frog skeletons
  2 hounds
  Natasha (thrice) (D:5)
  4 orc wizards
  2 iguanas (D:4)
  A worker ant (D:5)
  Robin (D:2)
  9 gnolls (D:5)
  6 adders
  A giant mite (D:1)
  2 shadow imps (D:5)
  4 worms
  A white imp (D:5)
  An orc zombie (D:5)
  2 adder skeletons (D:5)
  16 orcs
  3 ball pythons
  16 bats
  19 goblins
  9 hobgoblins
  14 jackals
  11 kobolds
  An ooze (D:5)
  9 giant cockroaches
  7 giant geckos
  16 giant newts
  A quokka zombie (D:5)
  8 rats
  A fungus (D:1)
201 creatures vanquished.

Notes
Turn   | Place    | Note
--------------------------------------------------------------
     0 | D:1      | HungrySpirit, the Deep Elf Fire Elementalist, began the quest for the Orb.
     0 | D:1      | Reached XP level 1. HP: 10/10 MP: 5/5
   345 | D:1      | Reached XP level 2. HP: 15/15 MP: 8/8
   798 | D:1      | Reached XP level 3. HP: 16/19 MP: 5/11
  1248 | D:1      | Learned a level 3 spell: Conjure Flame
  1424 | D:2      | Noticed Robin
  1613 | D:2      | Killed Robin
  1613 | D:2      | Reached XP level 4. HP: 24/24 MP: 8/14
  1665 | D:2      | Learned a level 4 spell: Sticky Flame
  2075 | D:2      | Noticed Sigmund
  2082 | D:2      | Killed Sigmund
  2082 | D:2      | Reached skill level 4 in Spellcasting
  2082 | D:2      | Reached XP level 5. HP: 28/28 MP: 7/18
  2157 | D:2      | Found a sacrificial altar of Ru.
  2229 | D:2      | Found a radiant altar of Vehumet.
  2267 | D:2      | Became a worshipper of Vehumet
  2885 | D:3      | Found a white marble altar of Elyvilon.
  2886 | D:3      | Found a basalt altar of Yredelemnul.
  2964 | D:3      | Noticed an ogre
  3217 | D:3      | Acquired Vehumet's first power
  3217 | D:3      | Offered knowledge of Sting by Vehumet.
  3224 | D:3      | Learned a level 5 spell: Fireball
  3302 | D:3      | Reached XP level 6. HP: 28/32 MP: 16/20
  3521 | D:3      | Killed an ogre
  3725 | D:3      | Reached skill level 5 in Spellcasting
  3755 | D:4      | Reached skill level 5 in Conjurations
  3851 | D:4      | Reached XP level 7. HP: 36/36 MP: 16/23
  3937 | D:4      | Reached skill level 5 in Fire Magic
  4013 | D:4      | Noticed Edmund
  4030 | D:4      | Killed Edmund
  4315 | D:4      | Offered knowledge of Shock by Vehumet.
  4315 | D:4      | Reached skill level 6 in Spellcasting
  4736 | D:5      | Entered Level 5 of the Dungeon
  4771 | D:5      | Reached skill level 5 in Dodging
  4942 | D:5      | Noticed Grinder
  4949 | D:5      | Paralysed by Grinder for 3 turns
  4963 | D:5      | Killed Grinder
  4963 | D:5      | Reached XP level 8. HP: 41/41 MP: 19/25
  4985 | D:5      | Reached skill level 7 in Spellcasting
  5608 | D:5      | Found a staircase to the Ecumenical Temple.
  5748 | D:5      | Noticed Natasha
  5752 | D:5      | Killed Natasha
  5755 | D:5      | Noticed Natasha
  5759 | D:5      | Killed Natasha
  5759 | D:5      | Offered knowledge of Dazzling Spray by Vehumet.
  5857 | D:5      | Found an iron altar of Okawaru.
  5881 | D:5      | Noticed Dowan
  5883 | D:5      | Noticed Duvessa
  5904 | D:5      | Killed Duvessa
  5909 | D:5      | Killed Dowan
  6201 | D:5      | Noticed Natasha
  6203 | D:5      | Killed Natasha
  6329 | D:5      | Acquired Vehumet's second power
  6333 | D:5      | Reached skill level 8 in Spellcasting
  6550 | D:6      | Reached XP level 9. HP: 25/46 MP: 14/28
  6739 | D:6      | Found an ancient bone altar of Kikubaaqudgha.
  6769 | D:6      | Reached skill level 1 in Fighting
  7270 | D:6      | Noticed Eustachio
  7283 | D:6      | Noticed a red ugly thing
  7288 | D:6      | Slain by a red ugly thing

Action                   |  1- 3 |  4- 6 |  7- 9 || total
-------------------------+-------+-------+-------++-------
Melee: Short sword       |    54 |   112 |   164 ||   330
 Cast: Flame Tongue      |    42 |   108 |   143 ||   293
       Conjure Flame     |     2 |    10 |    13 ||    25
       Sticky Flame      |       |     1 |    22 ||    23
  Use: Scroll            |     3 |     1 |     2 ||     6
 Stab: Sleeping          |     1 |     6 |     5 ||    12
  Eat: Chunk             |     2 |     8 |    11 ||    21
       Fruit             |       |       |     2 ||     2
